Map: Echo LE (Void)

Players

IIllIllIIllI

  • Race: Zerg Zerg
  • League: Master
  • Spawn Location: 5:00

llllllllllll - Winner!

  • Race: Protoss Protoss
  • League: Master
  • Spawn Location: 11:00

VOD

Have the link to the VOD?

Description

7 gate adept into dark shrine

Time

  • Played on: Dec. 31, 2016, 10:47 a.m.
  • Length: 9:36
Show
View Real Time Build Order
Export as new Build Order

IIllIllIIllI Zerg 

Build Orders: 3 Hatch before Pool 

Get SALT Encoding   

  12  0:00  Drone  
  13  0:12  Overlord  
  13  0:18  Drone  
  14  0:30  Drone x2  
  14  0:34  Drone  
  17  0:45  Drone  
  18  0:56  Hatchery  
  17  1:00  Drone  
  18  1:10  Drone  
  19  1:17  Drone  
  20  1:32  Hatchery  
  19  1:36  Drone  
  20  1:41  Extractor  
  20  1:42  Extractor  
  20  1:46  Spawning Pool  
  17  1:49  Drone  
  17  1:54  Drone  
  19  2:01  Drone  
  20  2:12  Drone x2  
  22  2:22  Overlord, Drone  
  23  2:29  Drone  
  24  2:34  Queen  
  24  2:36  Drone  
  27  2:41  Drone  
  27  2:43  Metabolic Boost  
  28  2:45  Drone x2  
  30  2:51  Queen  
  30  2:53  Drone  
  30  2:57  Drone  
  34  2:59  Drone  
  35  3:05  Drone x2  
  35  3:06  Drone  
  35  3:10  Queen  
  40  3:15  Overlord  
  40  3:18  Drone  
  40  3:19  Drone  
  42  3:24  Overlord  
  42  3:36  Drone x3  
  45  3:42  Evolution Chamber  
  45  3:43  Evolution Chamber  
  45  3:47  Drone  
  45  3:48  Drone x5  
  49  4:05  Drone  
  49  4:07  Overlord x2  
  49  4:09  Zerg Melee Weapons Level 1  
  50  4:18  Zerg Ground Armor Level 1  
  50  4:19  Extractor  
  50  4:20  Roach Warren  
  50  4:23  Overlord  
  48  4:25  Drone x2  
  48  4:26  Drone  
  48  4:27  Drone x2  
  48  4:30  Drone x5  
  58  4:36  Overlord x2, Extractor  
  57  4:42  Overlord  
  57  4:48  Zergling x8  
  57  4:52  Zergling x2  
  62  4:53  Zergling x8  
  66  5:00  Roach, Zergling x2  
  66  5:01  Roach x5  
  79  5:19  Roach  
  79  5:20  Roach x3  
  86  5:23  Roach  
  86  5:24  Roach  
  81  5:34  Drone x9  
  79  5:44  Drone x2  
  69  5:57  Lair  
  69  5:58  Drone x4  
  69  5:59  Drone x3  
  67  6:08  Roach  
  67  6:09  Roach x3  
  69  6:18  Drone  
  69  6:19  Drone x4  
  72  6:28  Drone  
  72  6:29  Drone x2  
  75  6:36  Zerg Missile Weapons Level 1  
  74  6:45  Drone x9  
  74  6:46  Drone  
  80  6:52  Drone x2  
  80  6:53  Drone  
  79  7:04  Drone x4  
  83  7:08  Overlord  
  83  7:15  Queen  
  75  7:30  Glial Reconstitution  
  67  7:42  Drone  
  67  7:43  Drone x2  
  61  8:00  Roach x7  
  67  8:20  Drone x5  
  69  8:28  Overseer  
  69  8:43  Overseer  
  69  8:59  Roach x3  
  75  9:06  Roach  
  75  9:09  Roach  
  77  9:21  Overseer  
Show
View Real Time Build Order
Export as new Build Order

llllllllllll Protoss - Winner!

Build Orders: 1 Gate Expand 

Get SALT Encoding   

  12  0:01  Probe (Chrono Boost)  
  13  0:11  Probe (Chrono Boost)  
  14  0:19  Pylon  
  14  0:22  Probe (Chrono Boost)  
  15  0:37  Probe (Chrono Boost)  
  15  0:42  Gateway  
  16  0:45  Assimilator  
  16  0:48  Probe (Chrono Boost)  
  17  0:58  Probe (Chrono Boost)  
  18  1:10  Probe (Chrono Boost)  
  19  1:31  Nexus  
  19  1:34  Cybernetics Core  
  19  1:37  Probe (Chrono Boost)  
  20  1:48  Probe (Chrono Boost)  
  21  1:58  Pylon  
  21  1:59  Probe (Chrono Boost)  
  22  2:01  Assimilator  
  22  2:10  Probe (Chrono Boost)  
  22  2:12  Warp Gate, Stalker  
  26  2:23  Probe (Chrono Boost)  
  26  2:36  Twilight Council, Probe (Chrono Boost)  
  27  2:39  Adept  
  29  2:46  Probe (Chrono Boost)  
  30  2:53  Probe (Chrono Boost)  
  30  2:56  Probe (Chrono Boost)  
  32  3:04  Probe (Chrono Boost)  
  33  3:07  Robotics Facility  
  33  3:10  Probe (Chrono Boost), Resonating Glaives  
  34  3:16  Probe (Chrono Boost)  
  35  3:20  Probe (Chrono Boost)  
  37  3:27  Gateway  
  37  3:28  Probe (Chrono Boost)  
  37  3:31  Gateway  
  37  3:32  Probe (Chrono Boost)  
  38  3:40  Probe (Chrono Boost)  
  39  3:42  Gateway  
  39  3:45  Probe (Chrono Boost)  
  40  3:49  Pylon  
  40  3:52  Probe (Chrono Boost)  
  41  3:56  Warp Prism  
  41  3:59  Probe (Chrono Boost)  
  44  4:11  Gateway  
  44  4:13  Gateway  
  44  4:19  Gateway  
  46  4:24  Pylon, Mothership Core (Chrono Boost)  
  46  4:30  Adept x3  
  52  4:39  Observer  
  52  4:45  Pylon  
  53  4:59  Pylon  
  53  5:03  Adept x2  
  53  5:04  Adept x2  
  61  5:07  Adept  
  61  5:08  Adept  
  65  5:14  Adept  
  67  5:23  Adept  
  67  5:24  Adept  
  67  5:25  Adept x2  
  69  5:38  Adept x2  
  63  5:52  Adept x5  
  73  6:10  Adept x4  
  67  6:22  Probe (Chrono Boost)  
  67  6:25  Dark Shrine, Probe (Chrono Boost), Assimilator  
  65  6:27  Adept x2  
  69  6:35  Probe (Chrono Boost)  
  69  6:37  Probe (Chrono Boost)  
  65  6:45  Adept x4  
  65  6:57  Probe x2 (Chrono Boost)  
  63  7:02  Assimilator  
  63  7:03  Adept x3  
  63  7:04  Adept  
  73  7:09  Probe x2 (Chrono Boost)  
  71  8:08  Dark Templar x3  
  71  8:09  Dark Templar  
  75  8:22  Immortal  
  67  8:30  Probe (Chrono Boost)  
  66  8:42  Sentry x2  
  70  8:50  Nexus  
  70  8:52  Pylon  
  70  8:54  Sentry  
  71  8:57  Probe (Chrono Boost)  
  71  8:58  Probe (Chrono Boost)  
  71  8:59  Sentry  
  75  9:09  Pylon  
  75  9:11  Pylon  
  75  9:18  Pylon  
  75  9:19  Pylon  
  75  9:20  Nexus  
  75  9:22  Pylon  
  75  9:26  Pylon x2  
Tags
 
Add a new tag
Caveats
  • Supply blocks, unpowered buildings, or Contaminate may cause inaccurate times.
  • Supply counts are checked every 10 seconds.